 Dungeon Crawl Stone Soup version 0.29.1-4-g47bece8355 (webtiles) character file.

Game seed: 13036338176942183274

1026 fishmans the Cleaver (level 8, -1/66 HPs)
             Began as a Minotaur Berserker on Dec 1, 2022.
             Was a Believer of Trog.
             Slain by a two-headed ogre
             ... wielding a +0 giant spiked club
              (5 damage)
             ... on level 5 of the Dungeon.
             The game lasted 00:32:39 (4971 turns).

fishmans the Cleaver (Minotaur Berserker)           Turns: 4971, Time: 00:32:40

Health: -1/66      AC: 18    Str: 23    XL:     8   Next: 2%
Magic:  7/7        EV:  8    Int:  4    God:    Trog [**....]
Gold:   282        SH:  0    Dex: 11    Spells: 7/7 levels left

rFire   . . .      SeeInvis .   a - +1 hand axe
rCold   . . .      Faith    .   (no shield)
rNeg    . . .      Spirit   .   v - +0 chain mail
rPois   .          Reflect  .   (helmet restricted)
rElec   .          Harm     .   (no cloak)
rCorr   .          Rampage  .   z - +0 pair of gloves
Will    .....                   (no boots)
Stlth   ..........              (no amulet)
HPRegen 0.21/turn               e - +4 ring of protection
MPRegen 0.10/turn               n - +4 ring of protection

@: no status effects
A: horns 2, retaliatory headbutt
a: Renounce Religion, Berserk, Trog's Hand


You were on level 5 of the Dungeon.
You worshipped Trog.
Trog was pleased with you.
You visited 2 branches of the dungeon, and saw 6 of its levels.

You collected 282 gold pieces.

Inventory:

Hand Weapons
 a - a +1 hand axe (weapon)
 h - a +0 mace
 o - a +0 sling
 q - a +0 dagger
 r - a +0 club
 s - a +0 flail
 E - a +0 giant spiked club
Missiles
 k - 57 stones
 p - 2 boomerangs (quivered)
 D - 4 large rocks
Armour
 b - a +0 animal skin
 d - a +0 leather armour
 m - a +0 ring mail
 t - a +0 scale mail
 v - a +0 chain mail (worn)
 z - a +0 pair of gloves (worn)
Jewellery
 e - a +4 ring of protection (left hand)
 n - a +4 ring of protection (right hand)
 x - a ring of fire
 B - an amulet of faith
Wands
 i - a wand of flame (46)
Scrolls
 c - a scroll of immolation
 j - 2 scrolls of noise
 y - a scroll of teleportation
 F - a scroll of enchant weapon
Potions
 f - 3 potions of degeneration
 g - 2 potions of curing {unknown}
 l - 3 potions of might
 u - a potion of flight {unknown}
 w - 2 potions of attraction {unknown}
 A - a potion of magic {unknown}
 C - a potion of heal wounds {unknown}
 G - 2 potions of cancellation {unknown}


   Skills:
 - Level 4.0 Fighting
 * Level 11.1 Axes
 + Level 1.2 Throwing
 - Level 3.0 Armour
 - Level 2.6 Dodging


You had 7 spell levels left.
You didn't know any spells.
Your spell library contained the following spells:

 Spells                   Type           Power      Damage    Failure   Level
 Necrotise                Necr           0%         1d4       99%         1
 Gell's Gravitas          Tloc           0%         N/A       100%        3
 Teleport Other           Tloc           0%         N/A       100%        3
 Vampiric Draining        Necr           0%         2d6       100%        3
 Agony                    Necr           0%         N/A       100%        5
 Dispersal                Tloc           0%         N/A       100%        6


Dungeon Overview and Level Annotations

Branches:
Dungeon (5/15)             Temple (1/1) D:4

Altars:
Cheibriados
Dithmenos
Fedhas
Gozag
Hepliaklqana
Kikubaaqudgha
Makhleb
Qazlal
Ru
Sif Muna
Trog
Uskayaw
Vehumet
Wu Jian
Xom
Yredelemnul
Zin

Annotations:
D:5 3 runed translucent doors


Innate Abilities, Weirdness & Mutations

You have a pair of horns on your head.
You reflexively headbutt those who attack you in melee.


Message History

The gnoll is heavily wounded.
A two-headed ogre comes into view.
It is wielding a +0 giant spiked club and a +0 giant club.
The gnoll hits you but does no damage.
You closely miss the gnoll.
The gnoll is heavily wounded.
The gnoll hits you but does no damage.
You hit the gnoll.
The gnoll is almost dead.
You hit the two-headed ogre.
The two-headed ogre is lightly wounded.
You barely miss the two-headed ogre.
The two-headed ogre is lightly wounded.
The gnoll hits you but does no damage.
You hit the two-headed ogre.
The two-headed ogre is lightly wounded.
The gnoll barely misses you.
The two-headed ogre hits you with a +0 giant spiked club.
The two-headed ogre hits you with a +0 giant club!
You see here a scorpion corpse.
You closely miss the two-headed ogre.
Your headbutt misses the two-headed ogre.
The two-headed ogre is lightly wounded.
The two-headed ogre hits you but does no damage.
The two-headed ogre barely misses you. The gnoll hits you but does no damage.
You hit the two-headed ogre.
Your headbutt misses the two-headed ogre.
The two-headed ogre is lightly wounded.
You hit the two-headed ogre. You punch the two-headed ogre.
The two-headed ogre is moderately wounded.
The gnoll barely misses you.
The two-headed ogre hits you with a +0 giant spiked club!!
* * * LOW HITPOINT WARNING * * *
The two-headed ogre hits you with a +0 giant club.
* * * LOW HITPOINT WARNING * * *
As you read the scroll of immolation, it crumbles to dust.
The creatures around you are filled with an inner flame!
The two-headed ogre hits you with a +0 giant spiked club.
* * * LOW HITPOINT WARNING * * *
The two-headed ogre hits you with a +0 giant club.
You die...

########### ##.....#..#
####.≈§≈.##.#
#..'.≈§§.##.#
#..'.≈§_.##.#############
...'.≈...#.............>#
####.≈§≈.##.####..#######
##<#.....##.####..#.. ..#
...########...gO@##.# #.#
...............#.##^# #.#
..##.#....#..#.#.##.# #.#
..<..#.......#.#....# #.#
#########.##.#.##...###.##
#.#..#...........#
###.##†.######...#
#########..##.## ##..#
#..........##.# #..#


You could see a two-headed ogre (inner flame) and a gnoll (inner flame).

Vanquished Creatures
  Grinder (D:5)
  A wyvern (D:4)
  An ogre (D:5)
  A black bear (D:4)
  A centaur (D:5)
  A scorpion (D:5)
  A howler monkey (D:4)
  2 jellies
  2 iguanas (D:5)
  Terence (D:2)
  2 orc wizards
  A hound zombie (D:4)
  5 adders
  A white imp (D:5)
  6 dart slugs
  5 orcs
  6 ball pythons
  4 bats
  3 endoplasms
  3 giant cockroaches
  6 goblins
  6 hobgoblins
  10 jackals
  5 quokkas
  2 frilled lizards
  5 kobolds
  A quokka zombie (D:4)
  7 rats
90 creatures vanquished.

Vanquished Creatures (others)
  6 fungi (D:3)
  3 toadstools (D:3)
9 creatures vanquished.

Grand Total: 99 creatures vanquished

Notes
Turn   | Place    | Note
-------+----------+-------------------------------------------
     0 | D:1      | fishmans the Minotaur Berserker began the quest for the
                  | Orb.
     0 | D:1      | Reached XP level 1. HP: 19/19 MP: 0/0
   412 | D:1      | Reached XP level 2. HP: 27/27 MP: 1/1
   731 | D:1      | Reached skill level 4 in Axes
   889 | D:1      | Reached XP level 3. HP: 33/33 MP: 2/2
  1457 | D:2      | Reached ** piety under Trog
  1506 | D:2      | Noticed Terence
  1520 | D:2      | Killed Terence
  1521 | D:2      | Reached skill level 5 in Axes
  1521 | D:2      | Reached XP level 4. HP: 31/40 MP: 3/3
  1881 | D:2      | Found a faded altar of an unknown god.
  2338 | D:3      | Reached skill level 6 in Axes
  2409 | D:3      | Found a blossoming altar of Fedhas.
  2462 | D:2      | Reached XP level 5. HP: 41/46 MP: 4/4
  2956 | D:3      | Reached skill level 7 in Axes
  3179 | D:4      | Found a staircase to the Ecumenical Temple.
  3180 | D:4      | Noticed a wyvern
  3193 | D:4      | Killed a wyvern
  3194 | D:4      | Reached skill level 8 in Axes
  3194 | D:4      | Reached XP level 6. HP: 43/52 MP: 5/5
  3353 | Temple   | Entered the Ecumenical Temple
  3437 | D:4      | Found a basalt altar of Yredelemnul.
  3726 | D:4      | Found an ornate altar of the Wu Jian Council.
  4251 | D:4      | Reached skill level 9 in Axes
  4251 | D:4      | Reached XP level 7. HP: 59/59 MP: 6/6
  4274 | D:4      | Found a snail-covered altar of Cheibriados.
  4309 | D:5      | Entered Level 5 of the Dungeon
  4310 | D:5      | Found a stormy altar of Qazlal.
  4704 | D:5      | Found a shimmering altar of Xom.
  4705 | D:5      | Found an ancient bone altar of Kikubaaqudgha.
  4763 | D:5      | Reached skill level 10 in Axes
  4835 | D:5      | Noticed Grinder
  4852 | D:5      | Killed Grinder
  4877 | D:5      | Found a large runed translucent door.
  4877 | D:5      | Noticed a two-headed ogre
  4878 | D:5      | Found a large runed translucent door.
  4894 | D:5      | Found a large runed translucent door.
  4947 | D:5      | Reached skill level 11 in Axes
  4947 | D:5      | Reached skill level 1 in Throwing
  4947 | D:5      | Reached XP level 8. HP: 62/66 MP: 7/7
  4953 | D:5      | Noticed a two-headed ogre
  4971 | D:5      | Slain by a two-headed ogre

Illustrated notes

Levels and vault maps discovered:
D:1:      dpeg_arrival_solitude, layout_basic
D:2:      layout_basic, chequers_ecumenical_altar_island, uniq_terence
D:3:      layout_basic, fedhas_altar_2, minmay_gold_behind_fungi
D:4:      kb_forest_paths, layout_basic, lemuel_zombie_altar_yredelemnul,
          nicolae_overflow_hidden_temple
D:5:      layout_basic, grunt_temple_overflow_open,
          mainiacjoe_overflow_alcove_4, minmay_hollow_rounded_squares,
          uniq_grinder
Temple:   nicolae_temple_x_marks_the_god

Skill      XL: |  1  2  3  4  5  6  7 |
---------------+----------------------+-----
Axes           | 4 5 6 8 9 11 | 11.1
Fighting       | 4 |  4.0
Armour         | 3 |  3.0
Throwing       | 1 |  1.2
Dodging        | |  2.6

Action                   |  1- 3 |  4- 6 |  7- 9 || total
-------------------------+-------+-------+-------++-------
Melee: Hand axe          |    76 |   118 |    56 ||   250
       Headbutt          |    14 |    18 |    14 ||    46
       Punch             |       |       |     3 ||     3
Throw: Stone             |     1 |       |       ||     1
Invok: Trog's Hand       |       |     1 |     1 ||     2
       Berserk           |       |     1 |       ||     1
  Use: Scroll            |     7 |     2 |     2 ||    11
Armor: Leather armour    |    19 |       |       ||    19
       Ring mail         |    12 |       |       ||    12
       Chain mail        |       |   101 |    27 ||   128
       Scale mail        |       |     2 |       ||     2
Dodge: Dodged            |    45 |    42 |    19 ||   106
